 Dungeon Crawl Stone Soup version 0.31-a0-133-gaae73658be (webtiles) character file.

Game seed: 10660724342492190624

104153 lunkers the Impassioned (level 17, 0/158 HPs)
             Began as a Meteoran Fighter on June 2, 2023.
             Was a Follower of Uskayaw.
             Killed from afar by an ironbound frostheart (33 damage)
             ... by creeping frost
             ... in an ice cave.
             The game lasted 01:00:33 (8611 turns).

lunkers the Impassioned (Meteoran Fighter)          Turns: 8611, Time: 01:00:33

Health: 0/158      AC: 22    Str: 16    XL:     17   Next: 46%
Magic:  28/31      EV: 32    Int: 10    God:    Uskayaw [*.....]
Gold:   1506       SH:  6    Dex: 25    Spells: 16/16 levels left

rFire   + . .        a - +11 short sword of Tieph {freeze, rPois rF+ Str-3 Dex+4}
rCold   . . .        c - +0 buckler
rNeg    . . .        U - +7 scale mail of Undesirable Species {*Slow rElec Will+}
rPois   +            j - +1 helmet
rElec   +            (no cloak)
rCorr   .            s - +0 pair of gloves
SInv    .            S - +0 pair of boots
Will    +++..        q - amulet of regeneration
Stlth   +            l - +5 ring of evasion
HPRegen 1.26/turn    w - +5 ring of evasion
MPRegen 0.22/turn

%: slow self (1%)
@: about to teleport, glowing
A: sense surroundings 2, otherworldly, glowing, explore regen
a: Renounce Religion, Stomp


You were in an ice cave.
You worshipped Uskayaw.
Uskayaw was most pleased with you.
You visited 5 branches of the dungeon, and saw 25 of its levels.
You also visited: Ice Cave.

You collected 1506 gold pieces.

Inventory:

Hand Weapons
 a - the +11 short sword of Tieph (weapon) {freeze, rPois rF+ Str-3 Dex+4}
   (You found it on level 3 of the Dungeon)

   Str:       It affects your strength (-3).
   Dex:       It affects your dexterity (+4).
   rF:        It protects you from fire.
   rPois:     It protects you from poison.
 t - a +2 heavy scimitar
 K - a +2 great sword
 L - a +2 great sword
Missiles
 Q - 8 curare-tipped darts
Armour
 c - a +0 buckler (worn)
 j - a +1 helmet (worn)
 s - a +0 pair of gloves (worn)
 x - a +2 robe of resistance
 O - +0 acid dragon scales
 S - a +0 pair of boots (worn)
 U - the +7 scale mail of Undesirable Species (worn) {*Slow rElec Will+}
   (You found it on level 11 of the Dungeon)

   rElec:     It insulates you from electricity.
   *Slow:     It may slow you when you take damage.
   Will:      It increases your willpower.
Jewellery
 f - a ring of magical power
 l - a +5 ring of evasion (left hand)
 p - a ring of fire
 q - an amulet of regeneration (around neck)
 w - a +5 ring of evasion (right hand)
 z - a ring of resist corrosion
 C - an amulet of faith
 J - an amulet of guardian spirit
 R - a ring of protection from fire
Wands
 b - a wand of mindburst (9)
 g - a wand of roots (25)
 G - a wand of digging (12)
 V - a wand of acid (12)
 W - a wand of flame (45)
 Z - a wand of paralysis (30)
Scrolls
 d - 9 scrolls of poison
 h - a scroll of vulnerability
 n - 4 scrolls of teleportation
 y - 3 scrolls of identify
 D - 2 scrolls of enchant weapon
 M - a scroll of amnesia
 P - a scroll of magic mapping
 X - a scroll of silence
 Y - a scroll of fog
Potions
 e - 4 potions of curing
 k - 3 potions of enlightenment
 m - 4 potions of mutation
 o - 5 potions of resistance
 r - 7 potions of heal wounds
 u - 4 potions of lignification
 v - 4 potions of cancellation
 A - 2 potions of might
 B - a potion of brilliance
 E - 3 potions of ambrosia
 F - 2 potions of magic
 H - a potion of berserk rage
 I - 4 potions of haste
 N - a potion of attraction
Miscellaneous
 i - a piece from Xom's chessboard (15/15)


   Skills:
 + Level 16.1 Fighting
 - Level 11.0(12.0) Short Blades
 - Level 8.2(11.2) Long Blades
 + Level 12.4 Armour
 + Level 16.9 Dodging
 - Level 3.6 Shields
 + Level 18.1 Invocations


You had 16 spell levels left.
You didn't know any spells.
Your spell library contained the following spells:

 Spells                   Type           Power      Damage    Failure   Level
 Apportation              Tloc           0%         N/A       78%         1
 Freeze                   Ice            0%         1d3       78%         1
 Necrotise                Necr           0%         1d4       78%         1
 Slow                     Hex            0%         N/A       78%         1
 Sting                    Tmut/Pois      0%         1d3       78%         1
 Summon Small Mammal      Summ           0%         N/A       78%         1
 Cigotuvi's Dreadful Rot  Necr/Pois/Air  0%         N/A       89%         2
 Poisonous Vapours        Pois/Air       0%         N/A       89%         2
 Scorch                   Fire           0%         2d5       89%         2
 Call Canine Familiar     Summ           0%         N/A       98%         3
 Confusing Touch          Hex            0%         N/A       98%         3
 Frozen Ramparts          Ice            0%         1d1       98%         3
 Hailstorm                Conj/Ice       0%         3d3       98%         3
 Ignite Poison            Fire/Tmut/Pois 0%         N/A       98%         3
 Mephitic Cloud           Conj/Pois/Air  0%         N/A       98%         3
 Summon Guardian Golem    Hex/Summ       0%         N/A       98%         3
 Vampiric Draining        Necr           0%         2d6       98%         3
 Vhi's Electric Charge    Tloc/Air       0%         N/A       98%         3
 Flame Wave               Conj/Fire      0%         2d4       100%        4
 Olgreb's Toxic Radiance  Pois           0%         N/A       100%        4
 Alistair's Intoxication  Tmut/Pois      0%         N/A       100%        5
 Arcjolt                  Conj/Air       0%         1d10      100%        5
 Freezing Cloud           Conj/Ice/Air   0%         6-21      100%        5
 Plasma Beam              Fire/Air       0%         2x1d10    100%        6
 Summon Cactus Giant      Summ           0%         N/A       100%        6


Dungeon Overview and Level Annotations

Branches:
Dungeon (12/15) Zot: 2497  Temple (1/1) D:6 Zot: 436    Lair (5/5) D:11 Zot: 1891
  Swamp (4/4) Lair:3 Zot: 1249   Snake (3/4) Lair:3 Zot: 1071     Orc (0/2) D:12
  IceCv (1/1) Zot: 419
  Slime: Lair:4-5

Altars:
Ashenzari
Cheibriados
Dithmenos
Elyvilon
Fedhas
Gozag
Hepliaklqana
Kikubaaqudgha
Makhleb
Okawaru
Qazlal
Ru
Trog
Uskayaw
Vehumet
Wu Jian
Xom
Yredelemnul
Zin
The Shining One

Shops:
D:1 *   D:8 *   D:12 [   Snake:3 (


Innate Abilities, Weirdness & Mutations

You passively map the area around you.
You are easily found by Zot.
You glow in the dark.
You regain HP and MP as you explore.


Message History

The white draconian completely misses you.
The ironbound frostheart touches you but does no damage.
You hit the white draconian.
The white draconian is lightly wounded.
The ironbound frostheart calls freezing cold from the walls.
The frost grips you!!
* * * LOW HITPOINT WARNING * * *
You block the white draconian's attack.
You stomp with the beat, sending a shockwave through the revellers around you!
The ironbound frostheart is moderately wounded.
The white draconian is moderately wounded.
You can no longer stomp with the beat.
The ice encasing you melts away. The white draconian closely misses you.
The ironbound frostheart calls freezing cold from the walls.
The frost grips you!!
* * * LOW HITPOINT WARNING * * *
You are encased in ice.
You can now stomp with the beat.
Unknown command.
Unknown command.
You hit the ironbound frostheart but do no damage.
The ironbound frostheart is moderately wounded.
Unknown command.
You closely miss the ironbound frostheart.
The ironbound frostheart is moderately wounded.
The ironbound frostheart touches you!
* * * LOW HITPOINT WARNING * * *
The ironbound frostheart freezes you!
* * * LOW HITPOINT WARNING * * *
The white draconian breathes frost at you.
The blast of cold hits you!
* * * LOW HITPOINT WARNING * * *
As you read the scroll of teleportation, it crumbles to dust.
You feel strangely unstable. The ice encasing you melts away.
The white draconian completely misses you.
The ironbound frostheart calls freezing cold from the walls.
The frost grips you!!
You die...

#### *$[[ * * *
⌠.### ## * , ## *,
...#..#, ,
#~#####pd..# ,
#~#~#~~@#** *
##~~~~#~..#
####~~#≈~~##...# *
##.~~#####..#####**
#..### ≈≈≈≈≈≈
##..##* ≈≈≈≈≈≈≈≈ ,
, ** ##..#*
#≈≈≈≈≈≈≈≈ * , , *
,* #..### ##≈≈≈≈≈≈#
** ##...## *#≈#≈≈##


You could see a white draconian (catching breath) and an ironbound frostheart.

Vanquished Creatures
  Rupert (Lair:3)
  Kirke (Lair:3)
  A thorn hunter (Swamp:4)
  A fenstrider witch (Swamp:3)
  3 eleionomae
  2 bunyips
  2 shambling mangroves (Swamp:4)
  A salamander tyrant (Snake:2)
  14 hydras
  3 catoblepae (Lair:5)
  2 ghost crabs
  2 two-headed ogres
  An anaconda (Snake:1)
  7 death yaks (Lair:5)
  12 alligators
  A boulder beetle (D:12)
  3 naga warriors
  4 naga sharpshooters
  Sonja (D:11)
  Nergalle (D:12)
  3 goliath frogs
  3 spriggan druids
  8 swamp dragons
  An orange crystal statue (IceCv)
  8 bog bodies (Swamp:4)
  2 naga ritualists
  21 mana vipers
  An orc knight (D:12)
  An ugly thing (IceCv)
  4 salamanders
  2 oklob plants (Lair:3)
  2 cyclopes
  6 will-o-the-wisps
  24 black mambas
  4 manticores
  2 guardian serpents
  2 naga magi (Snake:2)
  2 cane toads (Lair:5)
  2 gargoyles
  2 komodo dragons
  11 rime drakes (IceCv)
  3 freezing wraiths (Snake:3)
  4 tyrant leeches
  3 trolls
  8 polar bears
  2 hornets
  Prince Ribbit (D:7)
  5 blink frogs (Lair:2)
  Sigmund (D:2)
  2 spriggans
  A wyvern (Lair:3)
  47 yaks
  3 basilisks
  2 steam dragons
  Edmund (D:4)
  6 vampire mosquitoes
  12 swamp worms
  16 nagas
  2 acid dragons (D:11)
  6 water moccasins
  3 orc warriors
  An ice beast (D:6)
  A sky beast (D:7)
  7 swamp drakes (Swamp:4)
  3 ogres (D:5)
  4 centaurs
  2 phantoms (D:5)
  8 bullfrogs
  4 kobold brigands
  A gnoll sergeant (D:12)
  2 scorpions
  8 wights
  7 killer bees
  7 howler monkeys
  A hound (D:7)
  A lava snake (D:12)
  4 orc priests
  A gnoll bouda (D:8)
  3 jellies
  Terence (D:3)
  A sleepcap (D:5)
  Jessica (D:2)
  4 iguanas
  Natasha (twice) (D:3)
  8 orc wizards
  Robin (D:3)
  17 gnolls
  5 adders
  A shadow imp (D:5)
  A white imp (D:6)
  An ufetubus (D:5)
  A worm (D:5)
  A dart slug (D:2)
  32 orcs
  5 ball pythons
  3 endoplasms
  2 giant cockroaches (D:3)
  22 goblins
  2 hobgoblins
  3 jackals (D:1)
  27 kobolds
  12 quokkas
  7 bats
  A frilled lizard (D:1)
  A goblin skeleton (D:10)
  7 rats
536 creatures vanquished.

Vanquished Creatures (others)
  A black bear (Lair:3)
  34 foxfires
35 creatures vanquished.

Grand Total: 571 creatures vanquished

Notes
Turn   | Place    | Note
-------+----------+-------------------------------------------
     0 | D:1      | lunkers the Meteoran Fighter began the quest for the Orb.
     0 | D:1      | Reached XP level 1. HP: 19/19 MP: 2/2
    96 | D:1      | Found Lecrur's Assorted Antiques.
   105 | D:1      | Reached XP level 2. HP: 26/26 MP: 3/3
   131 | D:1      | Found a faded altar of an unknown god.
   293 | D:1      | Reached XP level 3. HP: 31/31 MP: 4/4
   571 | D:2      | Reached XP level 4. HP: 38/38 MP: 5/5
   618 | D:2      | Reached skill level 5 in Long Blades
   652 | D:2      | Noticed Jessica
   658 | D:2      | Killed Jessica
   659 | D:2      | Reached XP level 5. HP: 45/45 MP: 6/6
   708 | D:2      | Noticed Sigmund
   750 | D:2      | Killed Sigmund
   751 | D:2      | Reached XP level 6. HP: 34/51 MP: 7/7
   839 | D:3      | Noticed Terence
   864 | D:3      | Killed Terence
   865 | D:3      | Reached XP level 7. HP: 45/57 MP: 8/8
   876 | D:3      | Noticed Robin
   926 | D:3      | Killed Robin
   952 | D:3      | Identified the +11 short sword of Tieph {freeze, rPois rF+
                  | Str-3 Dex+4}
   986 | D:3      | Noticed Natasha
   996 | D:3      | Killed Natasha
   997 | D:3      | Reached skill level 1 in Short Blades
  1002 | D:3      | Found a shadowy altar of Dithmenos.
  1026 | D:3      | Noticed Natasha
  1034 | D:3      | Killed Natasha
  1438 | D:4      | Found a hazy altar of Hepliaklqana.
  1440 | D:4      | Found a sacrificial altar of Ru.
  1488 | D:4      | Reached XP level 8. HP: 63/63 MP: 9/9
  1502 | D:4      | Noticed Edmund
  1517 | D:4      | Killed Edmund
  1518 | D:4      | Reached skill level 5 in Short Blades
  1544 | D:5      | Entered Level 5 of the Dungeon
  1544 | D:5      | Found a shimmering altar of Xom.
  1571 | D:5      | Found a radiant altar of Vehumet.
  1937 | D:5      | Gained mutation: You passively map the area around you.
                  | [Meteoran growth]
  1937 | D:5      | Reached XP level 9. HP: 39/70 MP: 10/10
  2047 | D:6      | Noticed a two-headed ogre
  2062 | D:6      | Killed a two-headed ogre
  2063 | D:6      | Reached skill level 10 in Short Blades
  2085 | D:6      | Found a staircase to the Ecumenical Temple.
  2101 | Temple   | Entered the Ecumenical Temple
  2258 | Temple   | Became a worshipper of Uskayaw the Reveller
  2291 | D:6      | Reached * piety under Uskayaw
  2341 | D:6      | Reached ** piety under Uskayaw
  2544 | D:6      | Reached skill level 1 in Dodging
  2547 | D:6      | Noticed a troll
  2548 | D:6      | Reached *** piety under Uskayaw
  2552 | D:6      | Reached **** piety under Uskayaw
  2559 | D:6      | Killed a troll
  2559 | D:6      | Reached ***** piety under Uskayaw
  2560 | D:6      | Reached XP level 10. HP: 69/79 MP: 11/11
  2710 | D:7      | Noticed Prince Ribbit
  2717 | D:7      | Killed Prince Ribbit
  2718 | D:7      | Reached skill level 1 in Invocations
  2722 | D:7      | Reached skill level 2 in Invocations
  2745 | D:7      | Reached skill level 5 in Fighting
  2748 | D:7      | Reached skill level 3 in Invocations
  2900 | D:7      | Reached skill level 4 in Invocations
  3100 | D:8      | Reached skill level 5 in Dodging
  3132 | D:8      | Found Masi's General Store.
  3216 | D:8      | Identified the +9 quarterstaff of the Tired Knives
                  | {antimagic, rC+}
  3254 | D:8      | Found an iron altar of Okawaru.
  3296 | D:8      | Reached skill level 5 in Invocations
  3468 | D:8      | Found a blossoming altar of Fedhas.
  3533 | D:9      | Reached skill level 6 in Invocations
  3533 | D:9      | Reached XP level 11. HP: 89/91 MP: 16/16
  3762 | D:9      | Found a glowing golden altar of the Shining One.
  3794 | D:9      | Reached skill level 7 in Invocations
  3880 | D:10     | Entered Level 10 of the Dungeon
  3895 | D:10     | You fall into a shaft and drop 2 floors!
  3899 | D:12     | Noticed Nergalle
  3906 | D:12     | Noticed a boulder beetle
  3912 | D:12     | Killed Nergalle
  3913 | D:12     | Reached skill level 8 in Invocations
  3922 | D:12     | Killed a boulder beetle
  3948 | D:12     | Found a staircase to the Orcish Mines.
  3949 | D:12     | Found Yjiroq's Armour Emporium.
  3949 | D:12     | Noticed an orc knight
  3963 | D:12     | Killed an orc knight
  4048 | D:12     | Reached skill level 9 in Invocations
  4074 | D:12     | Noticed a manticore
  4086 | D:12     | Killed a manticore
  4087 | D:12     | Reached XP level 12. HP: 96/104 MP: 19/19
  4188 | D:12     | Identified the +7 mace "Imiguiga" {venom, Contam rF+ rC+
                  | Will+}
  4414 | D:11     | Noticed a two-headed ogre
  4415 | D:11     | Noticed Sonja
  4425 | D:11     | Killed Sonja
  4426 | D:11     | Reached skill level 10 in Invocations
  4436 | D:11     | Killed a two-headed ogre
  4490 | D:10     | Reached skill level 10 in Dodging
  4539 | D:10     | Reached skill level 10 in Fighting
  4731 | D:10     | Found a runed translucent door.
  4732 | D:10     | Found a basalt altar of Yredelemnul.
  4907 | D:11     | Found a staircase to the Lair.
  4937 | D:11     | Identified the +7 scale mail of Undesirable Species {*Slow
                  | rElec Will+}
  4981 | D:11     | Reached skill level 11 in Invocations
  5077 | Lair:1   | Entered Level 1 of the Lair of Beasts
  5165 | Lair:2   | Noticed a five-headed hydra
  5194 | Lair:2   | Killed a five-headed hydra
  5195 | Lair:2   | Reached XP level 13. HP: 90/115 MP: 22/22
  5452 | Lair:4   | Reached skill level 12 in Invocations
  5465 | Lair:4   | Reached ****** piety under Uskayaw
  5497 | Lair:5   | Entered Level 5 of the Lair of Beasts
  5541 | Lair:5   | Noticed a catoblepas
  5572 | Lair:5   | Killed a catoblepas
  5590 | Lair:5   | Noticed a death yak
  5590 | Lair:5   | Noticed a death yak
  5593 | Lair:5   | Noticed a death yak
  5601 | Lair:5   | Noticed a death yak
  5603 | Lair:5   | Killed a death yak
  5608 | Lair:5   | Killed a death yak
  5615 | Lair:5   | Killed a death yak
  5616 | Lair:5   | Reached skill level 13 in Invocations
  5630 | Lair:5   | Killed a death yak
  5659 | Lair:5   | Noticed a catoblepas
  5673 | Lair:5   | Killed a catoblepas
  5699 | Lair:5   | Noticed a death yak
  5699 | Lair:5   | Noticed a death yak
  5708 | Lair:5   | Noticed a death yak
  5715 | Lair:5   | Killed a death yak
  5726 | Lair:5   | Killed a death yak
  5735 | Lair:5   | Killed a death yak
  5740 | Lair:5   | Reached XP level 14. HP: 47/127 MP: 25/25
  5920 | Lair:3   | Found a staircase to the Swamp.
  5994 | Lair:3   | Noticed Rupert
  6009 | Lair:3   | Killed Rupert
  6010 | Lair:3   | Reached skill level 5 in Armour
  6058 | Swamp:1  | Entered Level 1 of the Swamp
  6058 | Swamp:1  | Noticed an eleionoma
  6064 | Swamp:1  | Killed an eleionoma
  6065 | Swamp:1  | Reached skill level 14 in Invocations
  6160 | Swamp:1  | Noticed an eleionoma
  6175 | Swamp:1  | Killed an eleionoma
  6539 | Swamp:4  | Entered Level 4 of the Swamp
  6539 | Swamp:4  | Noticed a bunyip
  6539 | Swamp:4  | Noticed a fenstrider witch
  6553 | Swamp:3  | Killed a bunyip
  6554 | Swamp:3  | Reached skill level 15 in Invocations
  6566 | Swamp:3  | Killed a fenstrider witch
  6567 | Swamp:3  | Reached XP level 15. HP: 39/136 MP: 24/27
  6927 | Swamp:4  | Noticed a thorn hunter
  6933 | Swamp:4  | Reached skill level 15 in Dodging
  6933 | Swamp:4  | Reached skill level 16 in Invocations
  6938 | Swamp:4  | Killed a thorn hunter
  7080 | Swamp:3  | Reached XP level 16. HP: 136/147 MP: 29/29
  7130 | Swamp:2  | Reached skill level 10 in Armour
  7287 | Lair:3   | Noticed Kirke
  7303 | Lair:3   | Killed Kirke
  7329 | Lair:3   | Found a blossoming altar of Fedhas.
  7396 | Lair:3   | Reached skill level 15 in Fighting
  7513 | Lair:3   | Found a staircase to the Snake Pit.
  7539 | Snake:1  | Entered Level 1 of the Snake Pit
  7598 | Snake:1  | Reached skill level 17 in Invocations
  8079 | Snake:3  | Reached XP level 17. HP: 156/157 MP: 13/30
  8252 | Snake:3  | Found Qopn's Weapon Boutique.
  8349 | Snake:3  | Found a frozen archway.
  8379 | IceCv    | Entered an ice cave
  8408 | IceCv    | Reached skill level 18 in Invocations
  8611 | IceCv    | Killed from afar by an ironbound frostheart

Illustrated notes

Levels and vault maps discovered:
D:1:      dpeg_arrival_refuge, layout_basic, ebering_ecumenical_altar_mist,
          serial_shops, shop
D:2:      layout_basic, uniq_sigmund, uniq_jessica
D:3:      layout_rooms, nicolae_dithmenos_through_a_glass_darkly,
          patterned_corridor, uniq_robin, uniq_natasha, uniq_terence
D:4:      layout_basic, nicolae_overflow_hidden_temple, uniq_edmund
D:5:      layout_basic, xom_butterflies, nicolae_vehumet_altar_sigil
D:6:      layout_layer_cave, lemuel_blue_sif_altar, minmay_temple_entry_hall
D:7:      layout_basic, uniq_prince_ribbit1
D:8:      layout_gridville, nemelex_diamond_rough_becter,
          mainiacjoe_overflow_tiny_flanked, tgw_fedhas, serial_shops,
          nicolae_shop_peninsula
D:9:      layout_loops_ring, tso_altar
D:10:     layout_irregular_city, dk_yredelemnul_ordeal, serial_glass,
          glass_columns_a, glass_columns_c, due_unseen_surprise, glass_columns_b
D:11:     layout_cave_pools, lair_entry_dummy, minmay_misc_feat_enclosed,
          uniq_sonja
D:12:     layout_small_grid, orc_david_3, kennysheep_path_1, uniq_nergalle
Temple:   minmay_temple_curvy_loop
Lair:1:   gammafunk_worm_tunnel, layout_gridlike, uniq_fannar
Lair:2:   layout_regular_city, infiniplex_staircase_pool, grunt_megastairs_4
Lair:3:   layout_misc_corridors, minmay_swamp_entry_worms,
          minmay_snake_entry_guardpost_medium, serial_bayou_pond_a,
          hangedman_tree_tricks, minmay_stone_trees_medium, uniq_kirke,
          uniq_rupert
Lair:4:   layout_regular_city, grunt_megastairs_1, lemuel_fruit_fields
Lair:5:   evilmike_catoblepas_cave, layout_cave_pods, dpeg_slime_entry_corner,
          st_stairs_5, columned_hall_lemuel, kilobyte_rumbling_trees
Swamp:1:  layout_falls_marsh, nicolae_swamp_tree_designs
Swamp:2:  layout_falls_marsh, hangedman_swamp_ruin_wall
Swamp:3:  layout_falls_marsh, evilmike_swamp_ruin_house_4, swamp_pool1
Swamp:4:  swamp_basic_johnstein, layout_basic_swamp
Snake:1:  layout_chambers, serial_shops, shop, shop, hangedman_venom_bottle
Snake:2:  layout_onion, nicolae_snake_lava_pool, serial_bayou_shore_a
Snake:3:  layout_grid_shapes, serial_shops, nicolae_shop_behind_doors,
          nicolae_shop_hallway_stairs, nicolae_shop_just_a_little_nook,
          portal_ice_cave_entry_frozen_things, nicolae_snake_mages_go_home
IceCv:    ice_cave_caverns_03

Skill      XL: |  1  2  3  4  5  6  7  8  9 10 11 12 13 14 15 16 17 |
---------------+----------------------------------------------------+-----
Long Blades    | 3 4 5 7 8 |  8.2
Short Blades   | 4 7 11 | 11.0
Dodging        | 2 6 8 11 12 14 15 16 | 16.9
Fighting       | 4 6 9 10 12 13 14 15 16 | 16.1
Invocations    | 6 9 11 13 15 16 17 18 | 18.1
Armour         | 4 7 9 11 12 | 12.4
Shields        | |  3.6

Action                     |  1- 3 |  4- 6 |  7- 9 | 10-12 | 13-15 | 16-18 || total
---------------------------+-------+-------+-------+-------+-------+-------++-------
  Melee: Long sword        |    87 |    76 |    49 |       |       |       ||   212
         Short sword       |       |       |   184 |   441 |   633 |   488 ||  1746
 Invoke: Stomp             |       |       |       |     2 |    20 |    22 ||    44
         Line Pass         |       |       |       |       |     1 |       ||     1
  Evoke: Piece from Xom's  |       |       |     1 |       |       |       ||     1
         Wand              |       |       |       |     1 |       |       ||     1
    Use: Potion            |       |     1 |       |       |     2 |       ||     3
         Scroll            |       |       |    12 |     5 |    11 |     1 ||    29
   Stab: Sleeping          |       |       |     1 |       |       |       ||     1
         Paralysed         |       |       |       |    31 |    40 |    33 ||   104
         Confused          |       |       |       |       |     1 |       ||     1
 Armour: Scale mail        |    51 |    20 |       |     5 |   152 |    91 ||   319
         Robe              |       |    12 |    37 |    25 |       |       ||    74
  Dodge: Dodged            |    64 |    54 |   152 |   245 |   521 |   499 ||  1535
  Block: Buckler           |    25 |    14 |    51 |    96 |   162 |   150 ||   498

Table legend: (Time is in decaauts)
 A = Elapsed time spent in this place.
 B = Non-inter-level travel time spent in this place.
 C = Inter-level travel time spent in this place.
 D = Time resting spent in this place.
 E = Time spent auto-exploring this place.
 F = Levels seen in this place.
 G = Mean time per level.
                   A        B        C        D        E       F      G
               +--------+--------+--------+--------+--------+-----+--------+
         Total |   8033 |   7745 |    288 |      0 |      0 |  26 |  309.0 |
       Dungeon |   4702 |   4514 |    188 |      0 |      0 |  12 |  391.8 |
        Temple |    163 |    131 |     32 |      0 |      0 |   1 |  163.0 |
          Lair |   1109 |   1109 |      0 |      0 |      0 |   5 |  221.8 |
         Swamp |   1150 |   1095 |     55 |      0 |      0 |   4 |  287.5 |
     Snake Pit |    728 |    715 |     13 |      0 |      0 |   3 |  242.7 |
      Ice Cave |    179 |    179 |      0 |      0 |      0 |   1 |  179.0 |
               +--------+--------+--------+--------+--------+-----+--------+

Top non-repeatable levels by time:
     D:6: 490 daAuts
  Lair:3: 483 daAuts
     D:5: 460 daAuts
     D:1: 447 daAuts
 Swamp:4: 419 daAuts
     D:2: 417 daAuts
     D:8: 402 daAuts
    D:10: 386 daAuts
     D:3: 385 daAuts
    D:12: 361 daAuts
     D:9: 349 daAuts
    D:11: 346 daAuts
     D:7: 346 daAuts
 Snake:1: 322 daAuts
     D:4: 308 daAuts
